 Dungeon Crawl Stone Soup version 0.28.0 (webtiles) character file.

Game seed: 14769940945440443832

5370 wakim the Zephyrmancer (level 10, -1/50 HPs)
             Began as a Tengu Air Elementalist on Feb 12, 2022.
             Was an Initiate of Vehumet.
             Slain by a six-headed hydra (9 damage)
             ... on level 1 of the Lair of Beasts.
             The game lasted 00:29:49 (10867 turns).

wakim the Zephyrmancer (Tengu Air Elementalist)    Turns: 10867, Time: 00:29:49

Health: -1/50      AC:  5    Str: 15    XL:     10   Next: 66%
Magic:  20/20      EV: 14    Int: 24    God:    Vehumet [......]
Gold:   226        SH:  0    Dex: 14    Spells: 3/21 levels left

rFire   . . .      SeeInvis .   a - +8 quarterstaff "Hell-Harrower" {vorpal, Fragile rElec Int+4}
rCold   + . .      Faith    .   (shield currently unavailable)
rNeg    . . .      Spirit   .   X - +2 robe {Will+}
rPois   .          Reflect  .   (helmet restricted)
rElec   +          Harm     .   f - +0 cloak
rCorr   .          Rampage  .   (no gloves)
Will    +....                   (boots unavailable)
Stlth   ++........              (no amulet)
HPRegen 0.16/turn               v - +6 ring of strength
MPRegen 0.17/turn               Y - ring of protection from cold

@: flying quickly and evasively, quick
A: beak, talons 3, nimble flight
a: Renounce Religion


You were on level 1 of the Lair of Beasts.
You worshipped Vehumet.
Vehumet was noncommittal.
You visited 3 branches of the dungeon, and saw 10 of its levels.

You collected 387 gold pieces.
You spent 161 gold pieces at shops.

Inventory:

Hand Weapons
 a - the +8 quarterstaff "Hell-Harrower" (weapon) {vorpal, Fragile rElec Int+4}
   (You found it on level 6 of the Dungeon)

   It inflicts extra damage upon your enemies.
   Int:       It affects your intelligence (+4).
   rElec:     It insulates you from electricity.
   Fragile:   It will be destroyed if unequipped.
 b - the +1 falchion "Ihon" {flame, Will+ Dex+3 Stlth-}
   (You took it off a hobgoblin on level 2 of the Dungeon)

   It burns those it strikes, dealing additional fire damage.
   Big, fiery blades are also staple armaments of hydra-hunters.
   Dex:       It affects your dexterity (+3).
   Will:      It increases your willpower.
   Stlth:     It makes you less stealthy.
Missiles
 h - a throwing net {=f!f}
 k - 14 poisoned darts
Armour
 f - a +0 cloak (worn)
 X - a +2 robe of willpower (worn)
Jewellery
 v - a +6 ring of strength (left hand)
 Y - a ring of protection from cold (right hand)
Scrolls
 d - 3 scrolls of amnesia
 R - a scroll of magic mapping {!r}
 T - a scroll of teleportation
 W - a scroll of holy word
 Z - a scroll of silence {!r}
Potions
 i - a potion of mutation {unknown}
 n - 2 potions of lignification {unknown}
 p - a potion of haste {unknown}
 B - a potion of attraction {!q}
 D - a potion of brilliance
 E - a potion of cancellation
 F - 3 potions of curing
 J - 4 potions of heal wounds
 O - a potion of resistance


   Skills:
 - Level 2.1 Dodging
 - Level 2.0 Stealth
 + Level 6.4 Spellcasting
 + Level 11.3 Conjurations
 * Level 4.4 Translocations
 * Level 12.9 Air Magic


You had 3 spell levels left.
You knew the following spells:

 Your Spells              Type           Power      Damage    Failure   Level
a - Shock                 Conj/Air       100%       1d9       1%          1
b - Airstrike             Air            31%        N/A       1%          4
c - Dispersal             Tloc           14%        N/A       88%         6
d - Static Discharge      Conj/Air       60%        N/A       1%          2
e - Lightning Bolt        Conj/Air       30%        1d47      1%          5

Your spell library contained the following spells:

 Spells                   Type           Power      Damage    Failure   Level
 Swiftness                Air            63%        N/A       1%          3
 Stone Arrow              Conj/Erth      68%        3d11      2%          3
 Gell's Gravitas          Tloc           29%        N/A       3%          3
 Teleport Other           Tloc           29%        N/A       3%          3
 Animate Armour           Summ/Erth      14%        N/A       58%         4
 Maxwell's Capacitive Co  Air            31%        ∞         94%         8
 Lehudib's Crystal Spear  Conj/Erth      17%        10d5      100%        8


Dungeon Overview and Level Annotations

Branches:
Dungeon (8/15)             Temple (1/1) D:5            Lair (1/6) D:8

Altars:
Cheibriados
Dithmenos
Fedhas
Gozag
Hepliaklqana
Kikubaaqudgha
Makhleb
Nemelex Xobeh
Okawaru
Sif Muna
Trog
Uskayaw
Vehumet
Wu Jian
Xom
Yredelemnul
Zin
Lugonu

Shops:
D:2 [   D:3 *   D:6 !

Annotations:
D:5 1 runed translucent door, Namnaref's ghost, novice GrBe
D:7 2 transporters, FLACIDUS's ghost, novice GrEE
D:8 2 transporters, Xoff's ghost, novice GnFi


Innate Abilities, Weirdness & Mutations

You have a beak for a mouth.
You have claws for feet.
Your magical nature lets you fly swiftly and evasively.


Message History

Confirm with . or Enter, or press ? or * to list all spells.
Aiming: Airstrike (safe; 1% risk of failure)
Press: ? - help, Dir - move target, f - six-headed hydra
Aim: a six-headed hydra (wandering, hasn't noticed you, empty space bonus: 5/8)
The air twists around and strikes the six-headed hydra!!
The six-headed hydra roars!
The six-headed hydra is moderately wounded.
Casting: Airstrike (safe; 1% risk of failure)
Confirm with . or Enter, or press ? or * to list all spells.
Aiming: Airstrike (safe; 1% risk of failure)
Press: ? - help, Dir - move target, f/p - six-headed hydra
Aim: a six-headed hydra (moderately wounded, empty space bonus: 8/8)
The air twists around and strikes the six-headed hydra!
The six-headed hydra is heavily wounded.
You fly upwards.
Welcome back to the Dungeon!
Level annotation: 2 transporters, Xoff's ghost, novice GnFi
There is a staircase to the Lair here.
You start resting.
Magic restored.
You fly downwards.
Welcome back to the Lair of Beasts!
You hear a distant snort.
Hark!
There is a gateway to a gauntlet on this level.
Find the entrance quickly before the gate is sealed!
You hear the loud beating of a very distant drum.
The six-headed hydra bites you. The six-headed hydra bites you! x2
The six-headed hydra bites you but does no damage.
The six-headed hydra bites you!
* * * LOW HITPOINT WARNING * * *
The six-headed hydra bites you.
* * * LOW HITPOINT WARNING * * *
There is a staircase back to the Dungeon, spattered with blood here.
A water moccasin comes into view.
An elephant comes into view.
An electric eel comes into view.
The electric eel shoots out a bolt of lightning at you!
The bolt of electricity hits you. You resist.
* * * LOW HITPOINT WARNING * * *
The six-headed hydra bites you.
* * * LOW HITPOINT WARNING * * *
The six-headed hydra bites you!
You die...

.. ≈S≈. ♣.≈≈≈≈♣♣
♣♣.≈≈≈≈.
..≈≈≈≈♣♣♣ ♣
♣.♣≈≈≈♣.♣ ♣P♣
..≈≈≈.♣
♣.Y♣.≈≈≈.♣
♣P@≈≈≈♣ ♣P♣♣D≈≈♣
♣ ♣≈≈≈♣ ♣♣≈≈≈♣ #
#..≈####### #
##.##.P.#.PP..#.#
.................
.................
................S


You could see a six-headed hydra, an elephant (asleep) and an electric eel.

Vanquished Creatures
  3 death yaks (D:8)
  A cane toad (Lair:1)
  Grinder (D:6)
  4 yaks (D:8)
  A water moccasin (D:7)
  A sky beast (D:7)
  2 orc warriors
  An ice beast (D:7)
  A necrophage (D:6)
  2 ogres
  5 centaurs
  A phantom (D:5)
  A bullfrog (D:8)
  A wyvern zombie (D:6)
  A water moccasin zombie (D:7)
  A wyvern skeleton (D:7)
  4 wights (D:7)
  2 hounds (D:6)
  A centaur skeleton (D:7)
  2 bullfrog skeletons
  An iron imp (D:6)
  3 jellies
  5 orc priests
  3 iguanas
  Terence (D:2)
  Natasha (thrice) (D:2)
  6 orc wizards
  A statue (D:8)
  A killer bee zombie (D:8)
  A hound skeleton (D:4)
  4 gnolls (D:2)
  A howler monkey skeleton (D:6)
  8 adders
  A shadow imp (D:7)
  A white imp (D:6)
  An ufetubus (D:4)
  An adder skeleton (D:4)
  2 worms (D:2)
  3 dart slugs
  15 orcs
  3 bats
  5 endoplasms
  3 giant cockroaches
  10 goblins
  9 hobgoblins
  5 jackals (D:3)
  2 quokkas
  6 ball pythons
  6 frilled lizards
  3 kobolds
  A rat (D:1)
151 creatures vanquished.

Vanquished Creatures (others)
  26 plants
26 creatures vanquished.

Grand Total: 177 creatures vanquished

Notes
Turn   | Place    | Note
-------+----------+-------------------------------------------
     0 | D:1      | wakim the Tengu Air Elementalist began the quest for the
                  | Orb.
     0 | D:1      | Reached XP level 1. HP: 10/10 MP: 4/4
   199 | D:1      | Reached XP level 2. HP: 15/15 MP: 1/6
   263 | D:1      | Learned a level 2 spell: Static Discharge
   702 | D:1      | Found a faded altar of an unknown god.
   832 | D:1      | Reached XP level 3. HP: 9/19 MP: 5/7
  1181 | D:2      | Found Fudecw's Armour Emporium.
  1529 | D:2      | Identified the +1 falchion "Ihon" {flame, Will+ Dex+3
                  | Stlth-}
  1612 | D:2      | Reached skill level 5 in Air Magic
  1775 | D:2      | Noticed Natasha
  1778 | D:2      | Reached XP level 4. HP: 24/24 MP: 5/8
  1786 | D:2      | Killed Natasha
  1792 | D:2      | Noticed Terence
  2048 | D:2      | Killed Terence
  2049 | D:2      | Gained mutation: Your magical nature lets you fly swiftly
                  | and evasively. [Tengu growth]
  2049 | D:2      | Reached XP level 5. HP: 7/28 MP: 1/10
  2446 | D:2      | Noticed Natasha
  2451 | D:2      | Killed Natasha
  2452 | D:2      | Reached skill level 6 in Air Magic
  2635 | D:2      | Noticed Natasha
  2644 | D:2      | Killed Natasha
  2745 | D:3      | Reached XP level 6. HP: 32/32 MP: 7/11
  2871 | D:3      | Found a hazy altar of Hepliaklqana.
  3055 | D:3      | Reached skill level 5 in Conjurations
  3150 | D:3      | Found a bloodstained altar of Trog.
  3395 | D:3      | Found Kyklos Tuock's Assorted Antiques.
  3401 | D:3      | Bought a scroll labelled FICADI OBIAC for 23 gold pieces
  3401 | D:3      | Bought a scroll labelled JIGROI VAARGHA for 23 gold pieces
  3401 | D:3      | Bought a blackened moonstone ring for 115 gold pieces
  4170 | D:4      | Found a burning altar of Makhleb.
  4329 | D:5      | Entered Level 5 of the Dungeon
  4567 | D:5      | Learned a level 4 spell: Airstrike
  4595 | D:5      | Found a runed translucent door.
  4598 | D:5      | Noticed Namnaref's ghost (novice GrBe)
  4654 | D:5      | Reached skill level 7 in Air Magic
  4654 | D:5      | Reached XP level 7. HP: 29/36 MP: 5/13
  4843 | D:5      | Found a staircase to the Ecumenical Temple.
  4895 | Temple   | Entered the Ecumenical Temple
  5212 | D:6      | Noticed Grinder
  5391 | D:6      | Reached skill level 8 in Air Magic
  5391 | D:6      | Paralysed by Grinder for 2 turns
  5532 | D:6      | Killed Grinder
  5533 | D:6      | Reached XP level 8. HP: 41/41 MP: 1/15
  5803 | D:6      | Reached skill level 9 in Air Magic
  6284 | D:6      | Identified the +8 quarterstaff "Hell-Harrower" {vorpal,
                  | Fragile rElec Int+4}
  6319 | D:6      | Found a shadowy altar of Dithmenos.
  6519 | D:6      | Found Rifrir's Distillery.
  6910 | D:6      | Found a snail-covered altar of Cheibriados.
  7183 | D:7      | Found a blossoming altar of Fedhas.
  7209 | D:7      | Reached skill level 10 in Air Magic
  7215 | D:7      | Reached XP level 9. HP: 45/45 MP: 11/17
  7415 | D:7      | Noticed FLACIDUS's ghost (novice GrEE)
  7416 | D:7      | Found a transporter.
  7420 | D:7      | Found a transporter.
  7421 | D:7      | Noticed a two-headed ogre
  7503 | D:7      | Reached skill level 5 in Spellcasting
  7827 | D:7      | Found an iron altar of Okawaru.
  7923 | D:7      | Reached skill level 10 in Conjurations
  8352 | D:7      | Found an ornate altar of the Wu Jian Council.
  8384 | D:8      | Noticed a death yak
  8385 | D:8      | Noticed a death yak
  8441 | D:8      | Found a sparkling altar of Nemelex Xobeh.
  8454 | D:8      | Learned a level 6 spell: Dispersal
  8460 | D:8      | Learned a level 5 spell: Lightning Bolt
  8467 | D:8      | Found a transporter.
  8469 | D:8      | Noticed Xoff's ghost (novice GnFi)
  8471 | D:8      | Found a transporter.
  8925 | D:8      | Reached skill level 11 in Air Magic
  9076 | D:8      | Reached skill level 1 in Translocations
  9281 | D:8      | Noticed a death yak
  9527 | D:8      | Found a radiant altar of Vehumet.
  9584 | D:8      | Became a worshipper of Vehumet
  9724 | D:8      | Noticed a death yak
  9724 | D:8      | Noticed a death yak
  9770 | D:8      | Killed a death yak
  9771 | D:8      | Reached skill level 12 in Air Magic
  9771 | D:8      | Reached XP level 10. HP: 44/50 MP: 3/20
 10023 | D:8      | Killed a death yak
 10415 | D:8      | Found a staircase to the Lair.
 10542 | D:8      | Killed a death yak
 10738 | Lair:1   | Entered Level 1 of the Lair of Beasts
 10738 | Lair:1   | Noticed a cane toad
 10741 | Lair:1   | Killed a cane toad
 10744 | Lair:1   | Noticed a six-headed hydra
 10866 | Lair:1   | Noticed an elephant
 10867 | Lair:1   | Slain by a six-headed hydra

Illustrated notes

Levels and vault maps discovered:
D:1:      kennysheep_arrival_seaside, layout_rooms,
          hellmonk_ecumenical_altar_pennies_from_heaven, minmay_close_crescents
D:2:      cheibrodos_old_hovel, layout_loops_ring, serial_shops, shop,
          minmay_tetromino_i4, uniq_natasha, uniq_terence
D:3:      layout_loops_cross, nzn_hepliaklqana_mist_gate,
          trog_three_pillars_becter, serial_shops, shop
D:4:      layout_cave_pools, mainiacjoe_overflow_paths, serial_forest,
          infiniplex_forest_straight_5, infiniplex_forest_straight_3,
          infiniplex_forest_corner_2, infiniplex_forest_clump_diagonal,
          infiniplex_forest_fountain, infiniplex_forest_straight_2,
          infiniplex_forest_lined_2, infiniplex_forest_end_double,
          grunt_ministairs_6
D:5:      layout_basic, minmay_temple_entry_statues,
          hellmonk_ghost_happy_afterlife
D:6:      layout_cave_pools, mainiacjoe_overflow_24_doors, slow_altar_2,
          serial_shops, shop, uniq_grinder
D:7:      layout_loops_ring, okawaru_gym_becter, fedhas_ov_isle_minmay,
          nzn_wu_jian_contemplation, gammafunk_ghost_smash,
          minmay_misc_feat_hallway
D:8:      layout_rooms, vehumet_statue, mainiacjoe_overflow_cross_hatched,
          dpeg_lair_monsters, gammafunk_ghost_arena
Temple:   corrupted_temple
Lair:1:   layout_big_grid, gauntlet_entry_generic, infiniplex_staircase_pool,
          wad_woods_river_01

Skill      XL: |  1  2  3  4  5  6  7  8  9 10 |
---------------+-------------------------------+-----
Conjurations   | 2 3 4 6 7 9 10 11 | 11.3
Air Magic      | 5 6 7 8 10 12 | 12.9
Spellcasting   | 3 4 6 |  6.4
Translocations | 3 4 |  4.4
Dodging        | |  2.1
Stealth        | |  2.0

Action                   |  1- 3 |  4- 6 |  7- 9 | 10-12 || total
-------------------------+-------+-------+-------+-------++-------
Melee: Unarmed           |     1 |       |       |       ||     1
       Dagger            |    26 |    12 |       |       ||    38
       Kick              |     5 |     3 |    11 |     2 ||    21
       Peck              |     2 |     4 |     6 |     1 ||    13
       Quarterstaff      |       |       |    38 |     5 ||    43
Throw: Dart              |     1 |       |       |       ||     1
 Cast: Shock             |    44 |    90 |    69 |     5 ||   208
       Static Discharge  |     6 |    10 |    18 |       ||    34
       Airstrike         |       |       |    38 |    10 ||    48
       Lightning Bolt    |       |       |     3 |     9 ||    12
  Use: Scroll            |       |    12 |     5 |       ||    17
 Stab: Sleeping          |     1 |       |     2 |       ||     3
Armor: Robe              |     7 |     8 |     7 |     1 ||    23
Dodge: Dodged            |    19 |    21 |    61 |     1 ||   102
